 Dungeon Crawl Stone Soup version 0.17.2-1-ge4368a0 (webtiles) character file.

232 Goblin1989 the Basher (level 6, -1/52 HPs)
             Began as a Naga Gladiator on Nov 11, 2016.
             Slain by Goblin1989's ghost (7 damage)
             ... on level 4 of the Dungeon.
             The game lasted 00:06:41 (2137 turns).

Goblin1989 the Basher (Naga Gladiator)              Turns: 2137, Time: 00:06:42

Health: -1/52      AC:  5    Str: 17 (19) XL:     6   Next: 4%
Magic:  6/6        EV: 15    Int:  8      God:
Gold:   186        SH:  0    Dex: 19      Spells: 0 memorised, 5 levels left

rFire  . . .     SeeInvis +     a - +0 flail (venom)
rCold  . . .     Clarity  .     p - +0 ring mail (curse)
rNeg   . . .     SustAt   .     (no shield)
rPois  +         Gourm    .     c - +0 helmet
rElec  .         Spirit   .     (no cloak)
rCorr  .         Warding  .     (no gloves)
rMut   .         Stasis   .     (no barding)
MR     .....                    (no amulet)
Stlth  ++........               (no ring)
                                j - +4 ring of dexterity

@: agile, very slow, not resistant to hostile enchantments, unstealthy
A: see invisible, clumsy 1, deformed body, mutation resistance 1, poison
resistance, slowness 2, slow metabolism 1, spit poison 2, AC +2
a: Spit Poison


You were on level 4 of the Dungeon.
You were hungry.

You visited 1 branch of the dungeon, and saw 4 of its levels.

You collected 186 gold pieces.

Inventory:

Hand Weapons
 a - a +0 flail of venom (weapon)
Missiles
 Z - 3 throwing nets {=f, !d}
Armour
 c - a +0 helmet (worn)
 p - a cursed +0 ring mail (worn)
Jewellery
 j - a +4 ring of dexterity (left hand)
Wands
 b - a wand of magic darts (13)
 k - a wand of digging (13)
Scrolls
 h - 2 scrolls of identify {unknown}
 i - a scroll of magic mapping {unknown}
 n - a scroll of fear {unknown}
 r - a scroll of remove curse {unknown}
 v - a scroll of teleportation {unknown}
Potions
 t - a potion of lignification {!q}
Comestibles
 d - 2 meat rations {@e2}
 e - 3 bread rations {@e1}
 l - a beef jerky
 q - a slice of pizza
 u - 2 fruits


   Skills:
 - Level 2.0 Fighting
 * Level 12.9 Maces & Flails
 - Level 1.7 Throwing
 - Level 2.4 Dodging


You had 5 spell levels left.
You didn't know any spells.

Dungeon Overview and Level Annotations

Branches:
Dungeon (4/15)
 Temple: D:4-7

Altars:
Qazlal

Annotations:
D:4 Goblin1989's ghost, amateur DsAr


Innate Abilities, Weirdness & Mutations

You cannot wear boots.
Your serpentine skin is tough (AC +2).
You have supernaturally acute eyesight.
Armour fits poorly on your strangely shaped body.
Your system is resistant to poisons.
You cover ground very slowly.
You have a slow metabolism.
You can spit poison.
You are clumsy. (Dex -2)
You are somewhat resistant to further mutation.


Message History

You hit Goblin1989's ghost.
Goblin1989's ghost is heavily damaged.
Goblin1989's ghost hits you!
* * * LOW HITPOINT WARNING * * *
You take 13 damage, and have 7/52 hp.
MASSIVE DAMAGE!!
You sock Goblin1989's ghost!
Goblin1989's ghost is severely damaged.
Goblin1989's ghost hits you.
* * * LOW HITPOINT WARNING * * *
You take 1 damage, and have 6/52 hp.
You hit Goblin1989's ghost but do no damage.
Goblin1989's ghost is severely damaged.
You hit Goblin1989's ghost but do no damage.
Goblin1989's ghost is severely damaged.
Goblin1989's ghost barely misses you.
You hit Goblin1989's ghost but do no damage.
Goblin1989's ghost is severely damaged.
Goblin1989's ghost says, "I was once a great warrior, and I still am!"
Goblin1989's ghost hits you!
You die...

██ █.. █.█ █.█
█.████ .....███
...█.█████.......
.......@W..█
.███.█████.██
███...█.█
█.......█
█.█...███ █.██.██
.█ █.██.█ . █.█
█.██.█ █ █. █.█
█.██.█


You could see Goblin1989's ghost.

Vanquished Creatures
  A hound skeleton (D:4)
  5 adders
  2 oozes
  An orc (D:3)
  4 giant cockroaches
  7 hobgoblins
  4 jackals (D:3)
  6 kobolds
  6 bats
  3 giant newts
  8 goblins
  A quokka skeleton (D:4)
  6 rats
54 creatures vanquished.

Vanquished Creatures (others)
  5 toadstools (D:1)
5 creatures vanquished.

Grand Total: 59 creatures vanquished

Notes
Turn   | Place    | Note
--------------------------------------------------------------
     0 | D:1      | Goblin1989 the Naga Gladiator began the quest for the Orb.
     0 | D:1      | Reached XP level 1. HP: 19/19 MP: 1/1
   119 | D:1      | Reached XP level 2. HP: 24/26 MP: 2/2
   554 | D:2      | Reached skill level 4 in Maces & Flails
   626 | D:2      | Reached XP level 3. HP: 29/32 MP: 3/3
   751 | D:2      | Found a stormy altar of Qazlal.
  1325 | D:3      | Reached XP level 4. HP: 37/39 MP: 4/4
  1463 | D:3      | Reached skill level 5 in Maces & Flails
  1465 | D:3      | HP: 2/58 [poisoned by an orc]
  1473 | D:3      | HP: 2/58 [poisoned by an orc]
  1958 | D:4      | Noticed an ogre
  2040 | D:4      | Reached XP level 5. HP: 33/45 MP: 5/5
  2101 | D:4      | Noticed Goblin1989's ghost (amateur DsAr)
  2104 | D:4      | Gained mutation: You are clumsy. (Dex -2) [potion of mutation]
  2104 | D:4      | Gained mutation: You are somewhat resistant to further mutation. [potion of mutation]
  2105 | D:4      | Reached skill level 12 in Maces & Flails
  2105 | D:4      | Reached XP level 6. HP: 48/52 MP: 6/6
  2137 | D:4      | Slain by Goblin1989's ghost

Action                   |  1- 3 |  4- 6 || total
-------------------------+-------+-------++-------
Melee: Flail             |   119 |    97 ||   216
Evoke: Wand              |       |     2 ||     2
  Use: Potion            |       |     7 ||     7
 Stab: Sleeping          |     1 |       ||     1
  Eat: Chunk             |       |     2 ||     2

Vault maps used:
D:1:      ldierk_walled_garden, minmay_misc_feat_rows, roderic_roman_lattice
D:2:      lemuel_crystal_altar, nicolae_gozag_cash_rules_everything_around_me
D:4:      kennysheep_okawaru_gauntlet, serial_park_tiny_pond,
          kennysheep_flooded_box
